 Dungeon Crawl Stone Soup version 0.28.0-47-ge53b351184 (webtiles) character file.

Game seed: 3212195963540821688

42 Exodus22XD the Covered (level 3, -2/33 HPs)
             Began as a Minotaur Fighter on May 7, 2022.
             Slain by a gnoll
             ... wielding a +0 halberd
              (7 damage)
             ... on level 2 of the Dungeon.
             The game lasted 00:00:40 (1097 turns).

Exodus22XD the Covered (Minotaur Fighter)           Turns: 1097, Time: 00:00:41

Health: -2/33      AC:  7    Str: 22    XL:     3   Next: 35%
Magic:  2/2        EV:  9    Int:  5    God:
Gold:   71         SH:  4    Dex:  9    Spells: 2/2 levels left

rFire   . . .      SeeInvis .   a - +0 war axe
rCold   . . .      Faith    .   c - +0 buckler
rNeg    . . .      Spirit   .   b - +0 scale mail
rPois   .          Reflect  .   (helmet restricted)
rElec   .          Harm     .   (no cloak)
rCorr   .          Rampage  .   (no gloves)
Will    .....                   (no boots)
Stlth   ..........              (no amulet)
HPRegen 0.11/turn               (no ring)
MPRegen 0.08/turn               (no ring)

@: no status effects
A: horns 2, retaliatory headbutt
a: no special abilities


You were on level 2 of the Dungeon.
You visited 1 branch of the dungeon, and saw 2 of its levels.

You collected 71 gold pieces.

Inventory:

Hand Weapons
 a - a +0 war axe (weapon)
Armour
 b - a +0 scale mail (worn)
 c - a +0 buckler (worn)
Scrolls
 e - a scroll of fear {unknown}
 f - a scroll of enchant weapon {unknown}
 h - a scroll of teleportation {unknown}
 i - a scroll of identify {unknown}
 l - a scroll of immolation {unknown}
Potions
 d - a potion of might
 g - a potion of attraction {unknown}
 j - a potion of curing {unknown}
 k - a potion of brilliance {unknown}


   Skills:
 + Level 4.1 Fighting
 + Level 3.1 Axes
 + Level 4.2 Armour
 + Level 4.1 Shields


You had 2 spell levels left.
You didn't know any spells.
Your spell library was empty.

Dungeon Overview and Level Annotations

Branches:
Dungeon (2/15)

Altars:


Innate Abilities, Weirdness & Mutations

You have a pair of horns on your head.
You reflexively headbutt those who attack you in melee.


Message History

A rat is nearby!
You hit the rat.
You kill the rat!
Key pressed, stopping explore.
No target in view!
There is an escape hatch in the floor here.
Things that are here:
a +0 short sword; 2 stones; a kobold corpse No target in view!
Key pressed, stopping explore.
No target in view!
A gnoll comes into view. It is wielding a +0 club.
The gnoll shouts!
A gnoll comes into view. It is wielding a +0 halberd.
A gnoll comes into view. It is wielding a +0 flail.
The gnoll shouts!
There are monsters nearby!
A gnoll comes into view. It is wielding a +4 whip of flaming.
The gnoll shouts!
There are monsters nearby!
The gnoll hits you with a +0 club.
You barely miss the gnoll. You block the gnoll's attack.
The gnoll hits you with a +0 club.
There are monsters nearby!
You hit the gnoll but do no damage. The gnoll hits you with a +0 club.
You slash the gnoll! You headbutt the gnoll.
You kill the gnoll!
Your Axes skill increases to level 3!
You slash the gnoll! Your headbutt misses the gnoll.
The gnoll is almost dead.
The gnoll hits you with a +0 flail.
The gnoll hits you from afar with a +0 halberd!
You block the gnoll's attack.
You completely miss the gnoll.
The gnoll is almost dead.
The gnoll hits you from afar with a +0 halberd!
* * * LOW HITPOINT WARNING * * *
You block the gnoll's attack.
The gnoll hits you from afar with a +0 halberd!
You die...

### #### ..# ...
#.# #####.# #.#
#...... #g#
###.#..#. #g#
....>.... #g#
######.# #@# #..#
#..... #.#
#..####.##.# #.#
#..##.>....# #.#
#..##.#.##.. #.#
#..........# #.#
#.###.#.####
#.#####...........
#...........######
#######.#####


You could see 3 gnolls.

Vanquished Creatures
  A gnoll (D:2)
  2 dart slugs (D:1)
  2 bats (D:1)
  3 endoplasms
  3 goblins (D:1)
  3 hobgoblins
  3 jackals (D:1)
  4 ball pythons (D:1)
  3 kobolds (D:2)
  4 rats
28 creatures vanquished.

Notes
Turn   | Place    | Note
-------+----------+-------------------------------------------
     0 | D:1      | Exodus22XD the Minotaur Fighter began the quest for the
                  | Orb.
     0 | D:1      | Reached XP level 1. HP: 19/19 MP: 0/0
   495 | D:1      | Reached XP level 2. HP: 27/27 MP: 1/1
   988 | D:2      | Identified the -3 pair of boots "Ocurigub" {Str+3}
  1022 | D:2      | Reached XP level 3. HP: 33/33 MP: 2/2
  1097 | D:2      | Slain by a gnoll

Illustrated notes

Levels and vault maps discovered:
D:1:      dpeg_arrival_circle_labyrinth_a, layout_basic
D:2:      minmay_diamond_boxcup, layout_loops_ring

Skill      XL: |  1  2  3 |
---------------+----------+-----
Armour         | 4 |  4.2
Shields        | 4 |  4.1
Fighting       | 4 |  4.1
Axes           | 3 |  3.1

Action                   || total
-------------------------++-------
Melee: War axe           ||    38
       Headbutt          ||     3
Armor: Scale mail        ||    17
Dodge: Dodged            ||    14
Block: Buckler           ||     7
